 Dungeon Crawl Stone Soup version 0.22.0-40-g68aacdc4c8 (webtiles) character file.

2160 Kaderl the Cleaver (level 9, -5/68 HPs)
             Began as a Human Fighter on Sept 1, 2018.
             Slain by a wraith (10 damage)
             ... on level 8 of the Dungeon.
             The game lasted 00:30:33 (6244 turns).

Kaderl the Cleaver (Human Fighter)                  Turns: 6244, Time: 00:30:33

Health: -5/68      AC: 14    Str: 19    XL:     9   Next: 57%
Magic:  19/19      EV:  6    Int:  8    God:
Gold:   147        SH: 10    Dex: 14    Spells: 8/8 levels left

rFire    . . .     SeeInvis .   a - +1 war axe
rCold    . . .     Gourm    .   c - +0 shield
rNeg     . . .     Faith    .   A - +3 chain mail
rPois    .         Spirit   .   (helmet restricted)
rElec    .         Reflect  .   (no cloak)
rCorr    .         Harm     .   z - +0 pair of gloves
MR       .....     Clarity  +   (no boots)
Stlth    ..........             s - amulet of the acrobat
HPRegen  0.21/turn              o - ring of magical power
MPRegen  0.16/turn              (no ring)

@: slowed, very slow
A: antennae 1, blurry vision 1, clarity
a: no special abilities


You were on level 8 of the Dungeon.
You were not hungry.

You visited 1 branch of the dungeon, and saw 8 of its levels.

You collected 268 gold pieces.
You spent 121 gold pieces at shops.

Inventory:

Hand Weapons
 a - a +1 war axe (weapon)
Armour
 c - a +0 shield (worn)
 n - a +0 pair of gloves
 z - a +0 pair of gloves (worn)
 A - a +3 chain mail (worn)
Jewellery
 o - a ring of magical power (left hand)
 p - an uncursed ring of resist corrosion {unknown}
 s - an amulet of the acrobat (around neck)
 y - a +5 ring of strength {unknown}
Wands
 b - a wand of disintegration (7)
 d - a wand of random effects (18)
 r - a wand of iceblast (6)
Scrolls
 e - a scroll of noise
 g - 2 scrolls of fear
 j - 2 scrolls of identify
 q - 2 scrolls of fog
 w - a scroll of amnesia
 D - a scroll of enchant weapon
Potions
 h - 2 potions of degeneration
 l - 2 potions of brilliance
 m - a potion of curing {unknown}
 t - a potion of resistance {unknown}
 x - a potion of mutation
 B - 2 potions of flight
 C - a potion of berserk rage {unknown}
Comestibles
 f - 5 rations


   Skills:
 + Level 5.4 Fighting
 + Level 8.1 Axes
 + Level 5.5 Armour
 + Level 2.2 Dodging
 + Level 1.0 Stealth
 + Level 5.9 Shields
 + Level 2.1 Evocations


You had 8 spell levels left.
You didn't know any spells.
Your spell library was empty.

Dungeon Overview and Level Annotations

Branches:
Dungeon (8/15)             Temple (0/1) D:5
   Lair: D:8-11

Altars:
Cheibriados
Elyvilon
Hepliaklqana

Shops:
D:4 [   D:6 :=!

Annotations:
D:7 Prince Ribbit


Innate Abilities, Weirdness & Mutations

You have a pair of small antennae on your head.
Scrolls take you a little longer to read.
You possess an exceptional clarity of mind.


Message History

The wraith closely misses you.
The gnoll hits you from afar with a spear.
As you read the scroll of fear, it crumbles to dust.
You assume a fearsome visage.
The wraith is unaffected.
The gnoll looks frightened! x3; The wraith hits you!
* * * LOW HITPOINT WARNING * * *
You hit the wraith.
The wraith is moderately damaged.
The wraith hits you but does no damage. The wraith hits you.
* * * LOW HITPOINT WARNING * * *
You feel extremely strange.
Your thoughts seem clearer.
Your vision blurs.
A pair of antennae grows on your head! The wraith hits you!
* * * LOW HITPOINT WARNING * * *
You block the wraith's attack.
You hit the wraith but do no damage.
The wraith is moderately damaged.
The wraith hits you!
You die...

###... .....
##.[.# .....
≈≈# ...#
##≈≈###..##
≈≈#≈≈≈≈W†.#
≈≈≈ ≈≈##@.#
#≈≈≈#≈≈#).##
≈≈≈≈≈#...#
#≈≈#...#
#....#
#....#
...†..#
.......g#
#.###....#


You could see a wraith and a gnoll (fleeing).

Vanquished Creatures
  A manticore (D:8)
  Sigmund (D:6)
  Eustachio (D:5)
  Edmund (D:4)
  Menkaure (D:6)
  An orc warrior (D:7)
  An ogre (D:4)
  A phantom (D:3)
  Blork the orc (D:5)
  A scorpion (D:4)
  3 gnoll shamans
  2 hounds (D:6)
  4 orc priests
  Jessica (D:2)
  An iguana (D:4)
  Ijyb (D:4)
  5 worker ants
  4 orc wizards
  2 hound skeletons
  A worker ant zombie (D:5)
  11 gnolls
  A howler monkey skeleton (D:5)
  3 oozes
  4 worms
  2 dart slugs
  7 leopard geckos
  27 orcs
  3 giant cockroaches
  14 hobgoblins
  8 jackals (D:1)
  3 quokkas (D:2)
  A ball python (D:2)
  6 bats
  8 frilled lizards
  7 goblins
  9 kobolds
  6 rats
154 creatures vanquished.

Vanquished Creatures (others)
  A giant cockroach (D:5)
1 creature vanquished.

Grand Total: 155 creatures vanquished

Notes
Turn   | Place    | Note
-------+----------+-------------------------------------------
     0 | D:1      | Kaderl the Human Fighter began the quest for the Orb.
     0 | D:1      | Reached XP level 1. HP: 18/18 MP: 1/1
     2 | D:1      | Noticed a felid
     4 | D:1      | Noticed a formicid
     4 | D:1      | Noticed a minotaur
     6 | D:1      | Noticed a draconian
     6 | D:1      | Noticed a naga
     8 | D:1      | Noticed a halfling
     8 | D:1      | Noticed an ogre
    10 | D:1      | Noticed a troll
    10 | D:1      | Noticed a demonspawn
    12 | D:1      | Noticed a centaur
    14 | D:1      | Noticed a tengu
    14 | D:1      | Noticed a dwarf
    16 | D:1      | Noticed a gargoyle
    16 | D:1      | Noticed an elf
    18 | D:1      | Noticed a human
    18 | D:1      | Noticed a demigod
    20 | D:1      | Noticed a spriggan
    22 | D:1      | Noticed a merfolk
    24 | D:1      | Noticed an octopode
    24 | D:1      | Noticed a ghoul
    26 | D:1      | Noticed a vampire
    26 | D:1      | Noticed a vine stalker
   115 | D:1      | Reached XP level 2. HP: 24/24 MP: 2/2
   279 | D:1      | Reached XP level 3. HP: 29/29 MP: 3/3
   878 | D:2      | Reached XP level 4. HP: 31/35 MP: 4/4
  1289 | D:2      | Noticed Jessica
  1293 | D:2      | Killed Jessica
  1293 | D:2      | Reached XP level 5. HP: 41/41 MP: 5/5
  1364 | D:2      | Reached skill level 3 in Axes
  1369 | D:2      | Found a faded altar of an unknown god.
  2071 | D:3      | Reached XP level 6. HP: 26/47 MP: 6/6
  2377 | D:4      | Reached skill level 1 in Dodging
  2381 | D:4      | Noticed Edmund
  2802 | D:3      | Noticed a phantom
  2815 | D:3      | Killed a phantom
  2815 | D:3      | Reached skill level 4 in Axes
  3117 | D:3      | Reached XP level 7. HP: 22/53 MP: 7/7
  3505 | D:5      | Entered Level 5 of the Dungeon
  3833 | D:5      | Noticed Eustachio
  3876 | D:6      | Found Xaolues's Jewellery Shop.
  3928 | D:6      | Found Zusech's Distillery.
  3958 | D:6      | Noticed Prince Ribbit
  4007 | D:5      | Killed Eustachio
  4007 | D:5      | Reached skill level 5 in Axes
  4007 | D:5      | Reached skill level 5 in Shields
  4150 | D:5      | Found a hazy altar of Hepliaklqana.
  4205 | D:5      | Noticed Blork the orc
  4214 | D:5      | Killed Blork the orc
  4214 | D:5      | Reached XP level 8. HP: 61/61 MP: 8/8
  4286 | D:4      | Noticed Ijyb
  4295 | D:4      | Killed Ijyb
  4359 | D:4      | Reached skill level 6 in Axes
  4390 | D:4      | Killed Edmund
  4796 | D:4      | Found Puurghid's Antique Armour Boutique.
  4812 | D:4      | Bought a pair of gloves for 121 gold pieces
  4923 | D:4      | Found a snail-covered altar of Cheibriados.
  5176 | D:5      | Found a staircase to the Ecumenical Temple.
  5448 | D:5      | Found a white marble altar of Elyvilon.
  5628 | D:6      | Noticed Menkaure
  5638 | D:6      | Noticed Sigmund
  5655 | D:6      | Killed Sigmund
  5677 | D:6      | Found Jouhees's Book Emporium.
  5732 | D:6      | Killed Menkaure
  5732 | D:6      | Reached skill level 5 in Fighting
  5732 | D:6      | Reached skill level 7 in Axes
  5732 | D:6      | Reached skill level 5 in Armour
  5732 | D:6      | Reached XP level 9. HP: 61/68 MP: 9/9
  5876 | D:7      | HP: 3/68 [orc warrior/enchanted halberd (10)]
  6201 | D:8      | Noticed a manticore
  6210 | D:8      | Killed a manticore
  6210 | D:8      | Reached skill level 8 in Axes
  6237 | D:8      | Reached skill level 1 in Stealth
  6243 | D:8      | Gained mutation: You possess an exceptional clarity of mind. [potion of mutation]
  6243 | D:8      | Gained mutation: Scrolls take you a little longer to read. [potion of mutation]
  6243 | D:8      | Gained mutation: You have a pair of small antennae on your head. [potion of mutation]
  6244 | D:8      | Slain by a wraith

Skill      XL: |  1  2  3  4  5  6  7  8  9 |
---------------+----------------------------+-----
Shields        | 4 5 |  5.9
Axes           | 3 4 5 7 8 |  8.1
Dodging        | 1 2 |  2.2
Fighting       | 4 5 |  5.4
Armour         | 4 5 |  5.5
Evocations     | 2 |  2.1
Stealth        | 1 |  1.0

Action                   |  1- 3 |  4- 6 |  7- 9 || total
-------------------------+-------+-------+-------++-------
Melee: War axe           |   140 |   180 |   228 ||   548
Evoke: Wand              |       |       |    23 ||    23
  Use: Scroll            |       |    12 |    15 ||    27
       Potion            |       |     3 |     6 ||     9
  Eat: Ration            |       |     3 |     3 ||     6
Armor: Scale mail        |    61 |   101 |    38 ||   200
       Chain mail        |       |       |    65 ||    65
Dodge: Dodged            |    48 |    71 |   110 ||   229
Block: Shield            |    77 |    99 |   140 ||   316
